 Dungeon Crawl Stone Soup version 0.30-a0-629-gd54f4be4f7 (webtiles) character file.

Game seed: 13526615927460364905

12410 kae the Transmogrifier (level 11, -11/104 HPs)
             Began as a Demonspawn Transmuter on Jan 12, 2023.
             Was a Follower of Ru.
             Mangled by a cyclops (19 damage)
             ... on level 10 of the Dungeon.
             The game lasted 00:15:06 (13315 turns).

kae the Transmogrifier (Demonspawn Transmuter)     Turns: 13315, Time: 00:15:07

Health: -11/104    AC:  9    Str: 17    XL:     11   Next: 62%
Magic:  19/20      EV: 10    Int: 19    God:    Ru [*.....]
Gold:   1169       SH:  0    Dex: 13    Spells: 12/22 levels left

rFire   x . .      SeeInvis .      - Unarmed
rCold   + + +      Faith    +    (shield currently unavailable)
rNeg    . . .      Spirit   .    (body armour currently unavailable)
rPois   +          Reflect  .    (helmet currently unavailable)
rElec   .          Harm     .    (cloak currently unavailable)
rCorr   .          Rampage  .    (gloves currently unavailable)
Will    +....                    (boots currently unavailable)
Stlth   +                        T - amulet of faith {!P}
HPRegen 0.37/turn                S - +6 ring of strength
MPRegen 0.17/turn                r - ring of willpower

@: about to teleport, ice-form
A: freezing attack, amphibious, boosted hp, large, (horns 1), (thin metallic
scales 2), (demonic guardian 1), ignite blood 1, hated by all
a: End Transformation, Renounce Religion


You were on level 10 of the Dungeon.
You worshipped Ru.
Ru was aware of your devotion.
You were a creature of crystalline ice.
You visited 2 branches of the dungeon, and saw 11 of its levels.
You also visited: Bailey.

You collected 1464 gold pieces.
You spent 295 gold pieces at shops.


Innate Abilities, Weirdness & Mutations

You are a creature of crystalline ice.
You have a powerful freezing melee attack.
You are amphibious.
Your maximum health is increased.
Your armour is entirely melded.
You are incapable of wielding weapons or throwing items.
((You have a pair of small horns on your head.))
((You are mostly covered in thin metallic scales. (AC +3)))
((A weak demonic guardian rushes to your aid.))
Your demonic aura sometimes causes spilled blood to erupt in flames.
You are hated by all.


   Skills:
 + Level 8.8 Fighting
 - Level 1.7 Dodging
 - Level 8.0 Unarmed Combat
 - Level 6.3 Spellcasting
 - Level 9.0 Transmutations
 - Level 8.0 Ice Magic
 - Level 1.4 Poison Magic


You had 12 spell levels left.
You knew the following spells:

 Your Spells              Type           Power      Damage    Failure   Level
a - Beastly Appendage     Tmut           80%        N/A       1%          1
b - Wereblood             Tmut           40%        N/A       1%          2
c - Spider Form           Tmut/Pois      25%        N/A       3%          3
d - Ice Form              Ice/Tmut       38%        N/A       3%          4

Your spell library contained the following spells:

 Spells                   Type           Power      Damage    Failure   Level
 Passwall                 Tmut/Erth      19%        N/A       2%          2
 Ensorcelled Hibernation  Hex/Ice        42%        N/A       3%          2
 Gell's Gravitas          Tloc           6%         N/A       32%         3
 Swiftness                Air            6%         N/A       32%         3
 Teleport Other           Tloc           6%         N/A       32%         3
 Dispersal                Tloc           3%         N/A       100%        6

Inventory:

Missiles
 g - 60 stones
 h - 29 poisoned darts
 i - 23 boomerangs
 t - 8 curare-tipped darts {=f}
 u - 9 atropa-tipped darts
 z - 4 datura-tipped darts
Armour
 a - a +0 robe (melded)
 A - the +0 ring mail "Pyogom" {Rampage rElec rCorr Dex+2}
   (You found it in a bailey)

   Dex:       It affects your dexterity (+2).
   rElec:     It insulates you from electricity.
   rCorr:     It protects you from acid and corrosion.
   Rampage:   It bestows one free step when moving towards enemies.
Magical Staves
 n - a staff of conjuration {!a}
   (You found it on level 4 of the Dungeon)
 y - a staff of air {!a}
   (You found it in a bailey)
Jewellery
 r - a ring of willpower (right front paw)
   (You found it on level 2 of the Dungeon)
 s - a +6 ring of strength
   (You found it on level 10 of the Dungeon)
 D - a +6 ring of dexterity
   (You found it on level 8 of the Dungeon)
 S - a +6 ring of strength (left front paw)
   (You found it on level 2 of the Dungeon)
 T - an amulet of faith (around neck) {!P}
   (You found it on level 9 of the Dungeon)
Wands
 m - a wand of flame (11)
   (You found it on level 3 of the Dungeon)
 v - a wand of paralysis (6)
   (You found it on level 4 of the Dungeon)
 x - a wand of mindburst (11)
   (You found it on level 8 of the Dungeon)
 E - a wand of roots (5)
   (You found it on level 10 of the Dungeon)
 G - a wand of digging (6)
   (You found it on level 9 of the Dungeon)
Scrolls
 d - 5 scrolls of teleportation {@r4}
 l - 2 scrolls of identify {@r1}
 q - a scroll of fear
 F - 2 scrolls of vulnerability {!r!r}
 I - 2 scrolls of immolation {!r!r}
 M - a scroll of magic mapping {!r}
Potions
 b - a potion of lignification {!q}
 c - 3 potions of haste {@q3}
 f - 2 potions of flight
 j - a potion of resistance {unknown}
 k - 6 potions of mutation {!q}
 o - 4 potions of curing {@q1}
 p - 4 potions of attraction {!q}
 C - 2 potions of degeneration {!q}
 H - a potion of brilliance
Miscellaneous
 K - a box of beasts
   (You found it on level 10 of the Dungeon)

Dungeon Overview and Level Annotations

Branches:
Dungeon (10/15) Zot: 23950  Temple (1/1) D:6 Zot: 5739  Bailey (visited)
   Lair: D:8-11         Orc: D:9-12

Altars:
Ashenzari
Cheibriados
Dithmenos
Gozag
Kikubaaqudgha
Makhleb
Nemelex Xobeh
Okawaru
Qazlal
Ru
Sif Muna
Trog
Uskayaw
Vehumet
Wu Jian
Xom

Shops:
D:2 *   D:4 ?   D:8 !   D:10 ?

Annotations:
D:3 1 runed translucent door, Leeroy's ghost, amateur BaRe
D:10 exclusion: boulder beetle

#......# #.
####.#####.#
#......#
#.##.##.##)##.##.#
#...####
#.............##.#
#..##
#/##.##.##.##.##.#
#.########
##.#####.##.##.#####
##.# #....# ...
#...####..<>.#
##..#####.#####.#
##### ##....<#
..####.##.##.##.##.#
##......# ###
#....).....Yc.#
####......##
#.##.##.##C##?#
#.......###
#.##.#####.# #
#..##..## ###
###...# ..? #####..#
#.#######(## #####
#..# ....##.##.##.#
########..###
....'........#
####...........###
....##.##.##.#
#.................
....#####.# #
#.....#######.....


You could see a cyclops and a yaktaur.


Message History

You see here 4 large rocks {=f}.
Key pressed, stopping explore.
l - 2 scrolls of identify {@r1} (gained 1)
i - 23 boomerangs (gained 5)
You now have 1169 gold pieces (gained 14).
A wizard comes into view. It is wielding a +0 dagger. 😎 HP[+34]
Your hp is fully restored (87).
Unknown command.
Casting: Ice Form (dangerous; 3% risk of failure)
Confirm with . or Enter, or press ? or * to list all spells.
You miscast Ice Form.
You are very lightly contaminated with residual magic.
Nothing appears to happen. 😎 MP[-4]
You lost 4 mp, and now have 16/20 mp.
Casting: Ice Form (dangerous; 3% risk of failure)
Confirm with . or Enter, or press ? or * to list all spells.
You turn into a creature of crystalline ice.
Your +0 robe melds into your body. 😎 HP[+17] MP[-4]
You now have 104 max hp (+17).
Your hp is fully restored (104).
You lost 4 mp, and now have 12/20 mp.
The wizard closely misses you.
You pummel the wizard!! You freeze the wizard.
The wizard is engulfed in blazing flames.
The wizard gestures wildly while chanting.
The wizard flickers and vanishes!
Deactivating autopickup; reactivate with Ctrl-A.
Unknown command.
You miss something.
Reactivating autopickup.
You feel a bit more experienced. 😎 MP[+1]
Things that are here:
a +0 dagger; a +0 robe; a human corpse You start resting.
Your magical contamination has completely faded away.
Unknown command.
A cyclops comes into view. 😎 MP[+4]
You regained 4 mp, and now have 17/20 mp.
Unknown command.
A cyclops is nearby!
Unknown command.
A cyclops is nearby!
A cyclops is nearby!
The cyclops shouts!
You hear a shout!
You punch the cyclops! You freeze the cyclops.
A yaktaur comes into view.
A wizard comes into view. It is wielding a +0 dagger.
The cyclops closely misses you.
You completely miss the cyclops.
The yaktaur is stunned by your conviction and fails to attack.
The wizard casts a spell.
The wizard flickers and vanishes!
Deactivating autopickup; reactivate with Ctrl-A. 😎 MP[+1]
You hit the cyclops. You freeze the cyclops.
The yaktaur wields a +0 arbalest.
The yaktaur shoots a bolt.
The bolt barely misses you. The cyclops hits you. 😕 HP[-2]
You take 2 damage, and now have 102/104 hp.
Unknown command.
You punch the cyclops! You freeze the cyclops.
The yaktaur shoots a bolt.
The bolt hits you!! 😕 HP[-23]
You take 23 damage, and now have 79/104 hp.
MASSIVE DAMAGE!! (PAUSE)
You hit the cyclops. You freeze the cyclops. The cyclops hits you. 😮 HP[-5]
You take 5 damage, and now have 74/104 hp.
Unknown command.
You punch the cyclops! You freeze the cyclops.
The yaktaur shoots a bolt.
The bolt closely misses you. The cyclops hits you!!
* * * LOW HITPOINT WARNING * * *
😨 HP[-22]
You take 22 damage, and now have 52/104 hp.
MASSIVE DAMAGE!! (PAUSE)
The yaktaur unwields a +0 arbalest.
The yaktaur hits you but does no damage.
You punch the yaktaur! You freeze the yaktaur.
The cyclops throws a large rock.
The large rock hits you!!
* * * LOW HITPOINT WARNING * * *
The yaktaur hits you!
* * * LOW HITPOINT WARNING * * *
😱 HP[-31] MP[+1]
You take 31 damage, and now have 21/104 hp.
MASSIVE DAMAGE!! (PAUSE)
As you read the scroll of teleportation {@r4}, it crumbles to dust.
You feel strangely unstable.
The yaktaur hits you but does no damage. 😱 HP[+1]
Okay, then.
You hit the yaktaur but do no damage. The yaktaur hits you!
* * * LOW HITPOINT WARNING * * *
😱 HP[-14]
You take 14 damage, and now have 8/104 hp.
Unknown command.
You pummel the yaktaur!! You freeze the yaktaur. The cyclops hits you!!
You die...

Skill      XL: |  1  2  3  4  5  6  7  8  9 10 11 |
---------------+----------------------------------+-----
Transmutations | 2 3 4 5 6 8 9 |  9.0
Unarmed Combat | 3 4 5 6 8 |  8.0
Spellcasting   | 3 4 5 6 |  6.3
Poison Magic   | 1 |  1.4
Ice Magic      | 3 5 6 8 |  8.0
Fighting       | 3 8 |  8.8
Dodging        | |  1.7

Action                   |  1- 3 |  4- 6 |  7- 9 | 10-12 || total
-------------------------+-------+-------+-------+-------++-------
Melee: Unarmed           |   105 |   126 |   216 |   247 ||   694
       Kick              |    19 |     9 |     2 |       ||    30
       Headbutt          |    12 |     9 |     2 |       ||    23
       Punch             |     2 |       |     1 |     1 ||     4
 Cast: Beastly Appendage |    26 |    18 |     1 |       ||    45
       Spider Form       |     2 |     6 |     4 |       ||    12
       Wereblood         |       |     2 |     4 |     9 ||    15
       Ice Form          |       |     1 |    21 |    34 ||    56
Invok: Sacrifice Love    |       |       |       |     1 ||     1
Evoke: Wand              |       |       |     2 |     8 ||    10
  Use: Scroll            |     2 |     9 |     7 |    12 ||    30
       Potion            |       |     1 |     4 |     7 ||    12
 Stab: Sleeping          |     1 |       |       |       ||     1
       Paralysed         |       |       |     4 |     9 ||    13
       Distracted        |       |       |     1 |     1 ||     2
       Invisible         |       |       |       |     4 ||     4
Armor: Robe              |    25 |    15 |     3 |       ||    43
       Skin              |       |     3 |    95 |   143 ||   241
Dodge: Dodged            |    57 |    94 |   118 |   121 ||   390

Levels and vault maps discovered:
D:1:      erik_arrival_blinker_ship, layout_loops_ring, grunt_decor_resistance
D:2:      minmay_angry_zag, layout_basic, hellmonk_ecumenical_altar_run_dry,
          serial_shops, nicolae_shop_advertising_works
          [nicolae_subvault_shop_adworks], grunt_ministairs_14,
          minmay_pentomino_t4
D:3:      layout_basic, hellmonk_ghost_happy_afterlife,
          chequers_serial_rivers_small_b
D:4:      layout_basic, kennysheep_little_box, serial_shops,
          nicolae_diamond_shop, grunt_ministairs_13, uniq_edmund
D:5:      layout_basic, ebering_ghost_sewer_d, uniq_pikel
D:6:      layout_basic, minmay_temple_entry_tees, uniq_grinder, uniq_maggie,
          uniq_blork_the_orc
D:7:      cheibrodos_quashed, layout_basic, enter_bailey_5
D:8:      layout_loops_cross, serial_shops, nicolae_shop_behind_doors,
          uniq_amaemon
D:9:      layout_cave_pools, mainiacjoe_overflow_catwalk_spiral,
          serial_gnoll_camp, gnoll_camp_mini_basic, gnoll_camp_mini_sergeant,
          gnoll_camp_mini_hut, gnoll_camp_mini_hut, minivault_11
D:10:     hangedman_cross_veins, layout_cave_pods, serial_shops, shop_scrolls,
          uniq_lodul, uniq_grum
Temple:   compressed_dpeg_triangle_lava_temple

Notes
Turn   | Place    | Note
-------+----------+-------------------------------------------
     0 | D:1      | kae the Demonspawn Transmuter began the quest for the Orb.
     0 | D:1      | Reached XP level 1. HP: 15/15 MP: 3/3
     0 | D:1      | magus.rc [v1.11.3]
   181 | D:1      | Reached skill level 2 in Transmutations
   322 | D:1      | Gained mutation: You are partially covered in thin metallic
                  | scales. (AC +2) [demonic ancestry]
   322 | D:1      | Reached XP level 2. HP: 12/21 MP: 3/5
   391 | D:1      | Learned a level 2 spell: Wereblood
   657 | D:1      | Reached skill level 3 in Unarmed Combat
   849 | D:2      | Reached XP level 3. HP: 26/26 MP: 6/6
   853 | D:2      | Learned a level 3 spell: Spider Form
  1189 | D:2      | Reached skill level 3 in Transmutations
  1398 | D:2      | Gained mutation: A weak demonic guardian rushes to your
                  | aid. [demonic ancestry]
  1398 | D:2      | Reached XP level 4. HP: 29/32 MP: 7/7
  1435 | D:2      | Found Foys's General Store.
  1449 | D:2      | Bought a scroll of fear for 56 gold pieces
  1647 | D:2      | Found a faded altar of an unknown god.
  1956 | D:3      | Found a runed translucent door.
  1959 | D:3      | Noticed Leeroy's ghost (amateur BaRe)
  2122 | D:3      | Reached XP level 5. HP: 37/37 MP: 7/9
  2991 | D:4      | Reached skill level 3 in Spellcasting
  2991 | D:4      | Reached skill level 1 in Poison Magic
  3143 | D:4      | Noticed Edmund
  3154 | D:4      | Killed Edmund
  3155 | D:4      | Reached skill level 4 in Transmutations
  3155 | D:4      | Gained mutation: Your demonic aura sometimes causes spilled
                  | blood to erupt in flames. [demonic ancestry]
  3155 | D:4      | Reached XP level 6. HP: 24/43 MP: 7/11
  3162 | D:4      | Learned a level 4 spell: Ice Form
  3277 | D:4      | Found Tanuebo's Magic Scroll Shoppe.
  3373 | D:4      | Found a shadowy altar of Dithmenos.
  3599 | D:5      | Entered Level 5 of the Dungeon
  3633 | D:5      | Reached skill level 1 in Ice Magic
  3847 | D:5      | Noticed Pikel
  3854 | D:5      | Killed Pikel
  3855 | D:5      | Reached skill level 4 in Unarmed Combat
  3855 | D:5      | Reached skill level 4 in Spellcasting
  3855 | D:5      | Reached skill level 5 in Transmutations
  3855 | D:5      | Reached skill level 3 in Ice Magic
  3855 | D:5      | Reached XP level 7. HP: 43/48 MP: 7/13
  4111 | D:5      | You add the spells Gell's Gravitas, Teleport Other and
                  | Dispersal to your library.
  4205 | D:5      | Gained mutation: You are mostly covered in thin metallic
                  | scales. (AC +3) [demonic ancestry]
  4205 | D:5      | Reached XP level 8. HP: 54/54 MP: 10/14
  4534 | D:5      | Found a runed translucent door.
  4541 | D:5      | Noticed Dirtsage's ghost (novice OpTm)
  4645 | D:5      | Killed Dirtsage's ghost
  4693 | D:6      | Reached skill level 6 in Transmutations
  4693 | D:6      | Reached skill level 4 in Ice Magic
  4860 | D:6      | Noticed Blork the orc
  4876 | D:6      | Killed Blork the orc
  4918 | D:6      | Found a staircase to the Ecumenical Temple.
  5157 | Temple   | Entered the Ecumenical Temple
  5426 | D:6      | Noticed Grinder
  5436 | D:6      | Killed Grinder
  5437 | D:6      | Reached skill level 5 in Unarmed Combat
  5597 | D:6      | You fall into a shaft and drop 2 floors!
  5633 | D:8      | Reached skill level 5 in Spellcasting
  5830 | D:7      | Reached skill level 5 in Ice Magic
  5830 | D:7      | Gained mutation: You have a pair of small horns on your
                  | head. [demonic ancestry]
  5830 | D:7      | Reached XP level 9. HP: 59/59 MP: 11/16
  5866 | D:7      | HP: 16/70 [orc priest/divine providence (17)]
  5889 | D:7      | Reached skill level 7 in Transmutations
  5918 | D:7      | Found a flagged portal.
  5933 | Bailey   | Entered a bailey
  5974 | Bailey   | HP: 16/70 [kobold brigand/+0 war axe (10)]
  5984 | Bailey   | HP: 10/70 [kobold brigand/+0 war axe (8)]
  5990 | Bailey   | HP: 11/70 [kobold (1)]
  6255 | Bailey   | Noticed an orc knight
  6296 | Bailey   | Found a bloodstained altar of Trog.
  6309 | Bailey   | Identified the +0 ring mail "Pyogom" {Rampage rElec rCorr
                  | Dex+2}
  6760 | D:7      | Reached skill level 6 in Ice Magic
  7140 | D:6      | Noticed Maggie
  7154 | D:6      | Killed Maggie
  7156 | D:6      | Reached skill level 6 in Unarmed Combat
  7163 | D:6      | Reached skill level 8 in Transmutations
  8204 | D:8      | Noticed Amaemon
  8205 | D:8      | Noticed an orange demon
  8230 | D:8      | Killed an orange demon
  8231 | D:8      | Reached skill level 6 in Spellcasting
  8231 | D:8      | Reached XP level 10. HP: 59/65 MP: 14/19
  8242 | D:8      | Killed Amaemon
  8243 | D:8      | Reached skill level 7 in Ice Magic
  8650 | D:8      | Found Juugh's Distillery.
  8658 | D:8      | Bought a potion of mutation for 112 gold pieces
  8669 | D:8      | HP: 1/78 [steam dragon/ball of steam (27)]
  9396 | D:9      | Reached skill level 9 in Transmutations
  9582 | D:9      | Found a sacrificial altar of Ru.
  9584 | D:9      | Noticed a two-headed ogre
  9587 | D:9      | Found an ornate altar of the Wu Jian Council.
  9597 | D:9      | Killed a two-headed ogre
  9598 | D:9      | Reached skill level 7 in Unarmed Combat
  9598 | D:9      | Reached skill level 8 in Ice Magic
  9654 | D:9      | Became a worshipper of Ru the Awakened
 10134 | D:9      | You pick up a book of Burglary and begin reading...
 10134 | D:9      | You add the spells Passwall, Ensorcelled Hibernation and
                  | Swiftness to your library.
 10258 | D:10     | Entered Level 10 of the Dungeon
 10559 | D:10     | Noticed Grum
 10744 | D:10     | Reached skill level 8 in Unarmed Combat
 10750 | D:10     | Killed Grum
 10948 | D:10     | Reached skill level 2 in Fighting
 10963 | D:10     | Reached skill level 3 in Fighting
 11062 | D:10     | Reached XP level 11. HP: 61/75 MP: 15/20
 11075 | D:10     | HP: 21/90 [wraith (7)]
 11080 | D:10     | Reached skill level 4 in Fighting
 11284 | D:10     | Noticed a wolf spider
 11296 | D:10     | Killed a wolf spider
 11297 | D:10     | HP: 23/93 [poisoned by a wolf spider]
 11302 | D:10     | HP: 17/93 [poisoned by a wolf spider]
 11361 | D:10     | HP: 17/93 [centaur/arrow (10)]
 11559 | D:10     | Reached skill level 5 in Fighting
 11712 | D:10     | HP: 30/120 [troll (5)]
 11933 | D:10     | Found Amme's Magic Scroll Shoppe.
 11955 | D:10     | Bought a scroll of magic mapping for 127 gold pieces
 11990 | D:10     | Reached skill level 6 in Fighting
 11992 | D:10     | Noticed a cyan ugly thing
 12002 | D:10     | HP: 20/99 [cyan ugly thing (13)]
 12264 | D:10     | Noticed a boulder beetle
 12520 | D:10     | Reached skill level 7 in Fighting
 12534 | D:10     | Noticed Lodul
 12535 | D:10     | Gained mutation: You are hated by all. [Ru sacrifice]
 12535 | D:10     | Reached * piety under Ru
 12820 | D:10     | Killed Lodul
 12827 | D:10     | Reached skill level 8 in Fighting
 13020 | D:10     | HP: 22/103 [cyan ugly thing (16)]
 13021 | D:10     | Killed a cyan ugly thing
 13266 | D:10     | Noticed a wizard
 13276 | D:10     | Killed a wizard
 13305 | D:10     | Noticed a wizard
 13312 | D:10     | HP: 21/104 [yaktaur (11)]
 13314 | D:10     | HP: 8/104 [yaktaur (14)]
 13315 | D:10     | Mangled by a cyclops

Vanquished Creatures
  A two-headed ogre (D:9)
  Amaemon (D:8)
  Lodul (D:10)
  A wizard (D:10)
  Pikel (D:5)
  A cyclops (D:10)
  An ugly thing (D:10)
  A wolf spider (D:10)
  Maggie (D:6)
  An orange demon (D:8)
  A kobold demonologist (D:10)
  The ghost of Dirtsage the Changer, a novice OpTm (D:5)
  2 trolls
  A meliai (D:10)
  Grinder (D:6)
  A wyvern (D:10)
  2 wraiths (D:10)
  A vampire (D:6)
  A basilisk (D:10)
  4 yaks (D:10)
  Grum (D:10)
  A steam dragon (D:8)
  An acid dragon (D:8)
  Edmund (D:4)
  4 water moccasins
  7 orc warriors
  An ice beast (D:6)
  8 ogres
  3 wolves (D:10)
  3 centaurs
  3 phantoms
  3 kobold brigands (Bailey)
  Blork the orc (D:6)
  A gnoll sergeant (D:9)
  4 scorpions
  4 bullfrogs
  A wight (D:10)
  10 killer bees (D:10)
  5 howler monkeys
  A gnoll bouda (D:6)
  2 orc priests
  4 hounds
  2 jellies
  An iguana (D:5)
  9 orc wizards
  8 adders
  16 gnolls
  A shadow imp (D:7)
  2 white imps
  A worm (D:2)
  2 dart slugs
  28 orcs
  6 endoplasms
  8 giant cockroaches
  10 goblins
  7 hobgoblins
  3 jackals (D:3)
  20 kobolds
  4 quokkas
  6 ball pythons
  2 bats
  3 frilled lizards
  6 rats
239 creatures vanquished.

Vanquished Creatures (collateral kills)
  A gnoll sergeant (D:9)
  A gnoll (D:3)
  A kobold (Bailey)
3 creatures vanquished.

Grand Total: 242 creatures vanquished

Table legend:
 A = Non-vault XP
 B = Vault XP
 C = Vault XP percentage of total XP
 D = Non-vault monster count
 E = Vault monster count
 F = Vault count percentage of total count
                 A         B        C        D         E       F
            +---------+---------+-------+---------+---------+-------
      Total |    6719 |   11010 |  62.1 |     161 |      81 |  33.5
            +---------+---------+-------+---------+---------+-------
        D:1 |      37 |       0 |   0.0 |      16 |       0 |   0.0
        D:2 |      45 |      19 |  29.7 |      17 |      11 |  39.3
        D:3 |     118 |       0 |   0.0 |      24 |       0 |   0.0
        D:4 |     152 |     172 |  53.1 |       8 |       3 |  27.3
        D:5 |     356 |    1029 |  74.3 |      13 |       5 |  27.8
        D:6 |     933 |     797 |  46.1 |      15 |       3 |  16.7
        D:7 |     897 |     278 |  23.7 |      17 |       6 |  26.1
        D:8 |    1197 |    1198 |  50.0 |      21 |       2 |   8.7
        D:9 |    1478 |     375 |  20.2 |      14 |      12 |  46.2
       D:10 |    1506 |    6705 |  81.7 |      16 |      27 |  62.8
     Bailey |       0 |     437 | 100.0 |       0 |      12 | 100.0
            +---------+---------+-------+---------+---------+-------

Illustrated notes

Table legend:
 A = Kills in this place as a percentage of kills in entire the game.
 B = Kills by you in this place as a percentage of kills by you in the entire game.
 C = Kills by friends in this place as a percentage of kills by friends in the entire game.
 D = Other kills in this place as a percentage of other kills in the entire game.
 E = Experience gained in this place as a percentage of experience gained in the entire game.
 F = Experience gained in this place divided by the number of levels of this place that you have seen.
                   A       B       C       D       E      F
               +-------+-------+-------+-------+-------+----------------------
         Total | 100.0 | 100.0 | 100.0 |   N/A | 100.0 | 1477.4
       Dungeon |  95.0 |  95.4 |  66.7 |   N/A |  97.5 | 1729.2
        Bailey |   5.0 |   4.6 |  33.3 |   N/A |   2.5 | 437.0
               +-------+-------+-------+-------+-------+----------------------

Table legend: (Time is in decaauts)
 A = Elapsed time spent in this place.
 B = Non-inter-level travel time spent in this place.
 C = Inter-level travel time spent in this place.
 D = Time resting spent in this place.
 E = Time spent auto-exploring this place.
 F = Levels seen in this place.
 G = Mean time per level.
                   A        B        C        D        E       F      G
               +--------+--------+--------+--------+--------+-----+--------+
         Total |  13258 |  12858 |    400 |    662 |  10144 |  12 | 1104.8 |
       Dungeon |  12586 |  12200 |    386 |    634 |   9682 |  10 | 1258.6 |
        Temple |    260 |    247 |     13 |      0 |    236 |   1 |  260.0 |
        Bailey |    410 |    410 |      0 |     28 |    226 |   1 |  410.0 |
               +--------+--------+--------+--------+--------+-----+--------+

Top non-repeatable levels by time:
    D:10: 3049 daAuts
     D:6: 1449 daAuts
     D:3: 1200 daAuts
     D:5: 1159 daAuts
     D:7: 1139 daAuts
     D:9: 1136 daAuts
     D:8: 1064 daAuts
     D:2: 920 daAuts
     D:1: 831 daAuts
     D:4: 635 daAuts
  Bailey: 410 daAuts
  Temple: 260 daAuts
